cohdb
Replays
Latest Replays
All Replays
Popular Replays
Top Player Replays
Match Explorer
How It Works
Community
CoH3 Stats
Reddit
Sign in to upload your games and track your stats! →
Sign in with Steam
watashi wa dragon desu!!!
Match 41642448
Overview
Messages
Build Orders
End
Construct Infanterie Kompanie
Selects Breakthrough Battlegroup
Selects Assault Grenadiers
Grenadier Squad
MG 42 Machine Gun Team
GrW 34 Mortar Team
Grenadier Squad
Infanterie Officer Quarters
Selects 2.5-tonne Cargo Truck
2.5-tonne Cargo Truck
Medical Station
Construct Luftwaffe Kompanie
Flak 30 Anti-aircraft Gun Team
Pioneer Squad
Construct Panzer Kompanie
Selects Blitzkrieg
2.5-tonne Cargo Truck
Panzer IV Medium Tank
Stoßtruppen Squad
Panzer IV Medium Tank
Panzer Officer Quarters
Stoßtruppen Squad
Panzer IV Medium Tank
Selects Tiger Heavy Tank
Side Skirts
Selects Smoke Bombing Run
Selects Incendiary Bombing Run
Stoßtruppen Squad
Smoke Bombing Run
Incendiary Bombing Run
Panzer IV Medium Tank
Blitzkrieg
Stoßtruppen Squad
Smoke Bombing Run
Blitzkrieg
Incendiary Bombing Run
Smoke Bombing Run
Incendiary Bombing Run
Tiger Heavy Tank
Smoke Bombing Run
Incendiary Bombing Run
Grenadier Squad
Smoke Bombing Run
Weaslehorse
Rebrovich
장민규
momo
T0MMY
Pioneer Combine
Sayamander 🐉
Deathknight1189
0
0
Comments
sign in to comment!
No comments posted yet!